 Dungeon Crawl Stone Soup version 0.29.0-11-gd7f09526c8 (webtiles) character file.

Game seed: 17571784598210498548

126 Demosthentine the Poker (level 4, -2/35 HPs)
             Began as a Demonspawn Gladiator on Sept 5, 2022.
             Slain by Natasha (8 damage)
             ... on level 2 of the Dungeon.
             The game lasted 00:01:14 (1698 turns).

Demosthentine the Poker (Demonspawn Gladiator)      Turns: 1698, Time: 00:01:14

Health: -2/35      AC:  5    Str: 16    XL:     4   Next: 83%
Magic:  4/4        EV: 13    Int:  9    God:
Gold:   54         SH:  0    Dex: 15    Spells: 3/3 levels left

rFire   . . .      SeeInvis .   a - +1 trident
rCold   . . .      Faith    .   (no shield)
rNeg    . . .      Spirit   .   b - +0 leather armour
rPois   .          Reflect  .   c - +1 helmet
rElec   .          Harm     .   (no cloak)
rCorr   .          Rampage  .   (no gloves)
Will    .....                   (no boots)
Stlth   +.........              (no amulet)
HPRegen 0.11/turn               (no ring)
MPRegen 0.09/turn               (no ring)

@: no status effects
A: claws 2
a: no special abilities


You were on level 2 of the Dungeon.
You visited 1 branch of the dungeon, and saw 2 of its levels.

You collected 54 gold pieces.

Inventory:

Hand Weapons
 a - a +1 trident (weapon)
Missiles
 d - 2 throwing nets (quivered)
 e - a javelin
Armour
 b - a +0 leather armour (worn)
 c - a +1 helmet (worn)
Scrolls
 j - a scroll of enchant weapon
Potions
 f - a potion of curing
 g - 2 potions of ambrosia {unknown}
 h - a potion of degeneration {unknown}
 i - a potion of invisibility {unknown}
 l - a potion of berserk rage {unknown}
 m - a potion of might {unknown}


   Skills:
 + Level 3.0 Fighting
 + Level 3.4 Polearms
 - Level 1.7 Throwing
 + Level 1.8 Armour
 + Level 3.4 Dodging


You had 3 spell levels left.
You didn't know any spells.
Your spell library was empty.

Dungeon Overview and Level Annotations

Branches:
Dungeon (2/15)

Altars:

Shops:
D:1 (

Annotations:
D:2 Natasha


Innate Abilities, Weirdness & Mutations

You have very sharp fingernails.


Message History

The magic dart hits you. Natasha misses you.
Natasha is nearby!
You barely miss Natasha.
Natasha is lightly wounded.
Natasha claws you. x2
You hit Natasha.
Natasha is moderately wounded.
Natasha barely misses you.
Natasha stares at you and mumbles some strange words.
The magic dart hits you.
You are too injured to fight recklessly!
You are too injured to fight recklessly!
You are too injured to fight recklessly!
You are too injured to fight recklessly!
Natasha casts a spell at you. You resist with some effort.
Natasha mumbles some strange words.
Throw: 3 throwing nets
Press: ? - help, Q - select action, (/) - cycle Shift-Dir - straight line, f - Natasha
Aim: Natasha (moderately wounded, fast, 51% to hit)
You throw a throwing net. The throwing net hits Natasha.
Natasha is caught in the net!
Natasha is moderately wounded.
Natasha struggles against the net.
Natasha stares at you and mumbles some strange words.
The magic dart hits you.
Natasha struggles against the net.
You barely miss Natasha.
Natasha is moderately wounded.
Natasha struggles against the net.
The net rips apart, and Natasha comes free!
You closely miss Natasha.
Natasha is moderately wounded.
Natasha misses you.
Natasha stares at you and mumbles some strange words.
The magic dart hits you!
* * * LOW HITPOINT WARNING * * *
You hit Natasha.
Natasha is heavily wounded.
Natasha claws you!
You die...

..## ##....##.. ...#
#.#..#.# ...# #.#....#
...# ###.#....#####
..... ...##.......#
#.### #..##..####..
#.## #.†##5## #..#
######.##h###
##.#####..))).).@..#
##.##....#####.###....#
#.....#### #..# ###...
..##..# #.## #. #####.#
#.# ..# #.# ### #.# #..
##.. ...


You could see an iron imp (summoned) and Natasha (fast).

Vanquished Creatures
  Natasha (twice) (D:2)
  3 gnolls (D:2)
  2 adders (D:2)
  A worm (D:2)
  2 endoplasms (D:1)
  A giant cockroach (D:2)
  2 hobgoblins (D:1)
  7 kobolds
  2 quokkas (D:1)
  3 bats (D:1)
  2 goblins
  A rat (D:2)
28 creatures vanquished.

Notes
Turn   | Place    | Note
-------+----------+-------------------------------------------
     0 | D:1      | Demosthentine the Demonspawn Gladiator began the quest for
                  | the Orb.
     0 | D:1      | Reached XP level 1. HP: 16/16 MP: 1/1
   152 | D:1      | Found Elis's Weapon Boutique.
   468 | D:1      | Gained mutation: You have sharp fingernails. [demonic
                  | ancestry]
   468 | D:1      | Reached XP level 2. HP: 5/22 MP: 2/2
  1135 | D:2      | Reached skill level 1 in Armour
  1150 | D:2      | Gained mutation: You have very sharp fingernails. [demonic
                  | ancestry]
  1150 | D:2      | Reached XP level 3. HP: 28/28 MP: 3/3
  1393 | D:2      | Noticed Natasha
  1404 | D:2      | Killed Natasha
  1405 | D:2      | Reached XP level 4. HP: 34/34 MP: 4/4
  1489 | D:2      | Noticed Natasha
  1499 | D:2      | Killed Natasha
  1683 | D:2      | Noticed Natasha
  1698 | D:2      | Slain by Natasha

Illustrated notes

Levels and vault maps discovered:
D:1:      saegor_arrival_simple_c, layout_loops_ring, serial_shops,
          nicolae_shop_hallway_plus
D:2:      layout_rooms, item_on_display_a, uniq_natasha

Skill      XL: |  1  2  3  4 |
---------------+-------------+-----
Polearms       | 3 |  3.4
Armour         | 1 |  1.8
Dodging        | 3 |  3.4
Fighting       | 3 |  3.0
Throwing       | |  1.7

Action                   |  1- 3 |  4- 6 || total
-------------------------+-------+-------++-------
Melee: Trident           |    93 |    26 ||   119
       Punch             |     1 |       ||     1
Throw: Throwing net      |       |     1 ||     1
  Use: Scroll            |     4 |       ||     4
       Potion            |       |     1 ||     1
 Stab: Sleeping          |     1 |       ||     1
       Distracted        |       |     2 ||     2
Armor: Leather armour    |    20 |     2 ||    22
Dodge: Dodged            |    42 |    11 ||    53
